 Dungeon Crawl Stone Soup version 0.19-a0-1697-g0595f0e (webtiles) character file.

185 Saways the Slasher (level 5, -1/42 HPs)
             Began as a Human Fighter on Sept 26, 2016.
             Killed by nerve-wracking pain
             ... invoked by an orc priest
              (13 damage)
             ... on level 3 of the Dungeon.
             The game lasted 00:03:11 (3358 turns).

Saways the Slasher (Human Fighter)                  Turns: 3358, Time: 00:03:12

Health: -1/42      AC:  9    Str: 17    XL:     5   Next: 96%
Magic:  5/5        EV: 10    Int:  9    God:
Gold:   103        SH:  0    Dex: 12    Spells: 0 memorised, 4 levels left

rFire  . . .     SeeInvis .     a - +0 long sword
rCold  . . .     Gourm    .     b - +0 scale mail
rNeg   . . .     Faith    .     (no shield)
rPois  .         Spirit   .     d - +0 helmet
rElec  .         Dismiss  .     (no cloak)
rCorr  .         Reflect  .     (no gloves)
MR     .....     Harm     .     (no boots)
Stlth  ..........               (no amulet)
                                l - +1 ring of evasion
                                i - ring of flight

@: no status effects
A: no striking features
a: Evoke Flight


You were on level 3 of the Dungeon.
You were not hungry.

You visited 1 branch of the dungeon, and saw 3 of its levels.

You collected 103 gold pieces.

Inventory:

Hand Weapons
 a - a +0 long sword (weapon)
Armour
 b - a +0 scale mail (worn)
 c - a +0 shield
 d - a +0 helmet (worn)
Jewellery
 i - a ring of flight (left hand)
 l - a +1 ring of evasion (right hand)
Wands
 r - a wand of random effects (34/48)
 x - a wand of digging (13/24)
Scrolls
 e - a scroll of random uselessness
 k - 2 scrolls of remove curse
 n - a scroll of amnesia {unknown}
 q - a scroll of enchant armour {unknown}
 t - a scroll of identify
 v - a scroll of noise {unknown}
 w - 2 scrolls of teleportation {unknown}
Potions
 j - 2 potions of curing
 m - a potion of magic
Comestibles
 f - a slice of pizza
 g - 2 bread rations
 u - a meat ration


   Skills:
 + Level 3.7 Fighting
 * Level 4.5 Long Blades
 + Level 3.8 Armour
 + Level 0.6 Dodging
 - Level 3.0 Shields


You had 4 spell levels left.
You didn't know any spells.

Dungeon Overview and Level Annotations

Branches:
Dungeon (3/15)

Altars:


Message History

Pain shoots through your body!
The orc wizard gestures wildly while chanting.
The orc wizard blinks!
The orc priest hits you with a hand axe.
You hit the orc priest.
The orc priest is heavily wounded.
The orc priest hits you with a hand axe.
* * * LOW HITPOINT WARNING * * *
Unknown command.
You barely miss the orc priest.
The orc priest is heavily wounded.
The orc priest hits you but does no damage.
Unknown command.
You barely miss the orc priest.
The orc priest is heavily wounded.
The orc wizard gestures wildly while chanting.
The orc wizard blinks!
The orc priest mumbles some strange prayers to Beogh against you.
Pain shoots through your body!
You die...

#.#.......
#.#.#.#.## ######
#.....#.##
#....######...###.#.
#....'....'...'.#.#.
#....######...#.#.#.
#.........#...#.#.#'
#.....###.###'#.#...
###@#.#.........#...
#o#.#.#.#.....#...
#.#.#.#.#.....#...
#o#>..........+...
#.#.###.###...####
#ยง#.# #.###...#
#.#.###.......####
#.#...........+...
*,#..###......####


You could see an orc priest and an orc wizard.

Vanquished Creatures
  An orc priest (D:3)
  Ijyb (D:3)
  Robin (D:2)
  4 adders
  4 worms
  2 dart slugs (D:1)
  2 leopard geckos
  2 orcs (D:3)
  5 bats
  4 giant cockroaches
  12 goblins
  10 hobgoblins
  4 kobolds
  A ball python (D:2)
  6 frilled lizards (D:1)
  9 rats
68 creatures vanquished.

Notes
Turn   | Place    | Note
-------+----------+-------------------------------------------
     0 | D:1      | Saways the Human Fighter began the quest for the Orb.
     0 | D:1      | Reached XP level 1. HP: 18/18 MP: 1/1
   128 | D:1      | Reached XP level 2. HP: 17/24 MP: 2/2
   696 | D:1      | Reached XP level 3. HP: 29/29 MP: 3/3
  1545 | D:2      | Reached XP level 4. HP: 31/35 MP: 4/4
  1733 | D:2      | Reached skill level 3 in Long Blades
  2200 | D:2      | Noticed Robin
  2223 | D:2      | Killed Robin
  2473 | D:2      | Reached XP level 5. HP: 7/41 MP: 5/5
  3177 | D:3      | Noticed Ijyb
  3186 | D:3      | Paralysed by Ijyb for 5 turns
  3199 | D:3      | Killed Ijyb
  3199 | D:3      | Reached skill level 4 in Long Blades
  3358 | D:3      | Killed from afar by an orc priest

Vault maps used:
D:1:      saegor_arrival_simple_f, minmay_heptomino_o4
D:2:      kennysheep_generic_room_7, uniq_robin
D:3:      first_bread, uniq_iyjb

Skill      XL: |  1  2  3  4  5 |
---------------+----------------+-----
Long Blades    | 3 4 |  4.5
Fighting       | |  3.7
Armour         | |  3.8
Dodging        | |  0.6
Shields        | |  3.0

Action                   |  1- 3 |  4- 6 || total
-------------------------+-------+-------++-------
Melee: Long sword        |   119 |   139 ||   258
  Use: Potion            |       |     1 ||     1
       Scroll            |       |     7 ||     7
  Eat: Chunk             |     2 |     2 ||     4
       Bread ration      |       |     1 ||     1
Armor: Scale mail        |    44 |    77 ||   121
Dodge: Dodged            |    67 |    51 ||   118
